 Dungeon Crawl Stone Soup version 0.22-a0-348-gd16d139 (webtiles) character file.

15 iamserjio the Ducker (level 2, 0/21 HPs)
             Began as an Octopode Monk on Apr 8, 2018.
             Slain by a centaur skeleton (5 damage)
             ... on level 4 of the Dungeon.
             The game lasted 00:02:08 (356 turns).

iamserjio the Ducker (Octopode Monk)                 Turns: 356, Time: 00:02:09

Health: 0/21       AC:  1    Str: 10    XL:     2   Next: 50%
Magic:  2/2        EV: 14    Int: 12    God:
Gold:   12         SH:  0    Dex: 14    Spells: 1/1 levels left

rFire    . . .     SeeInvis .   a - +0 short sword
rCold    . . .     Gourm    .   (no shield)
rNeg     . . .     Faith    .   (helmet restricted)
rPois    .         Spirit   .   (no amulet)
rElec    .         Reflect  .   (no ring)
rCorr    .         Harm     .   (no ring)
MR       .....                  (no ring)
Stlth    +++.......             (no ring)
HPRegen  0.07/turn              (no ring)
MPRegen  0.08/turn              (no ring)
                                (no ring)
                                (no ring)

@: no status effects
A: almost no armour, stealthy swim, amphibious, 8 rings, constrict 8, camouflage
1, gelatinous body 1
a: no special abilities


You were on level 4 of the Dungeon.
You were not hungry.

You visited 1 branch of the dungeon, and saw 3 of its levels.

You collected 12 gold pieces.

Inventory:

Hand Weapons
 a - a +0 short sword (weapon)
 f - a +2 hand axe of electrocution
Potions
 c - 2 potions of haste {unknown}
 d - a potion of curing {unknown}
 e - 2 potions of lignification {unknown}
 g - a potion of heal wounds {unknown}
Comestibles
 b - 2 rations


   Skills:
 + Level 3.1 Fighting
 - Level 3.0 Short Blades
 * Level 3.4 Dodging
 + Level 3.2 Stealth


You had one spell level left.
You didn't know any spells.

Dungeon Overview and Level Annotations

Branches:
Dungeon (1/15)

Altars:
Cheibriados


Innate Abilities, Weirdness & Mutations

You cannot wear most types of armour.
You are very stealthy in the water. (Stealth+)
You are amphibious.
You can wear up to eight rings at the same time.
You can use your tentacles to constrict eight enemies at once.
Your skin changes colour to match your surroundings (Stealth+).
Your rubbery body absorbs attacks. (AC +1, EV +1)


Message History

A worm comes into view.
The worm moves out of view.
A worm comes into view.
Found a fuming emerald potion.
Found a snail-covered altar of Cheibriados.
Found 8 gold pieces.
You strike the helpless centaur skeleton from behind!
You puncture the centaur skeleton!
The centaur skeleton is moderately damaged.
The centaur skeleton closely misses you.
The centaur skeleton completely misses you.
The worm bites you! The centaur skeleton barely misses you.
The centaur skeleton hits you. The centaur skeleton hits you.
* * * LOW HITPOINT WARNING * * *
You hit the centaur skeleton. You squeeze the centaur skeleton.
The centaur skeleton is severely damaged.
The centaur skeleton hits you.
You die...

###...#.#.#.# #.#.#..#
............###.#.#..#
######....#..##.._...#
#..#....##.#.#..#
#..#.#.....#.#..#
#..#.###.....#..#
#..#.# #...#....#
..w#.####..#.#....#
.!..#..@ZOw>#.##.....#
###.#.####....# .#####
#.####...## .#
#.......## .#
####.##.# .# #..##.##
#......# #..≈.≈.###.#
##.≈⌠≈.....#


You could see an ogre, a worm and a centaur skeleton.

Vanquished Creatures
  A dart slug (D:1)
  A leopard gecko (D:1)
  2 bats (D:1)
  2 hobgoblins (D:1)
  A kobold (D:1)
  6 rats
13 creatures vanquished.

Notes
Turn   | Place    | Note
-------+----------+-------------------------------------------
     0 | D:1      | iamserjio the Octopode Monk began the quest for the Orb.
     0 | D:1      | Reached XP level 1. HP: 16/16 MP: 1/1
    95 | D:1      | Reached XP level 2. HP: 21/21 MP: 2/2
   291 | D:1      | You fall through a shaft!
   296 | D:2      | You fall through a shaft for 2 floors!
   296 | D:4      | Noticed an ogre
   334 | D:4      | Found a snail-covered altar of Cheibriados.
   356 | D:4      | Slain by a centaur skeleton

Vault maps used:
D:1:      ncdulo_watergridlock
D:2:      kennysheep_the_goblin_king, serial_undead, serial_undead_f,
          serial_undead_f, serial_undead_c, serial_undead_d
D:4:      wad_crossroads, lemuel_round_altar, lemuel_crystal_altar,
          first_ration, corexii_leaking_fountain, uniq_ijyb

Skill      XL: |  1 |
---------------+----+-----
Stealth        | 3 |  3.2
Fighting       | |  3.1
Short Blades   | |  3.0
Dodging        | |  3.4

Action                   || total
-------------------------++-------
Melee: Short sword       ||    19
       Constrict         ||     5
       Tentacles         ||     3
 Stab: Sleeping          ||     7
       Distracted        ||     1
Dodge: Dodged            ||    14

Table legend:
 A = Spawn XP
 B = Non-spawn XP
 C = Spawn XP percentage of total XP
 D = Spawn monster count
 E = Non-spawn monster count
 F = Spawn count percentage of total count
 G = Total turns spent on level
                    A         B        C        D         E        F      G
               +---------+---------+-------+---------+---------+-------+---------
         Total |       0 |      22 |   0.0 |       0 |      13 |   0.0 |   356
               +---------+---------+-------+---------+---------+-------+---------
           D:1 |       0 |      21 |   0.0 |       0 |      12 |   0.0 |   291
           D:2 |       0 |       1 |   0.0 |       0 |       1 |   0.0 |     5
               +---------+---------+-------+---------+---------+-------+---------
